 Dungeon Crawl Stone Soup version 0.30-a0-1160-g6e42c06551 (webtiles) character file.

Game seed: 16442548954030938656

6 slphil the Caller (level 1, 13/13 HPs)
             Began as a Barachi Summoner on Oct 22, 2022.
             Quit the game on level 1 of the Dungeon on Apr 26, 2023.
             The game lasted 00:01:28 (185 turns).

slphil the Caller (Barachi Summoner)                 Turns: 185, Time: 00:01:28

Health: 13/13      AC:  2    Str:  9    XL:     1   Next: 90%
Magic:  3/3        EV: 12    Int: 15    God:
Gold:   22         SH:  0    Dex: 12    Spells: 3/4 levels left

rFire   . . .        f - +0 dagger
rCold   . . .        (no shield)
rNeg    . . .        a - +0 robe
rPois   .            (no helmet)
rElec   .            (no cloak)
rCorr   .            (no gloves)
SInv    .            (no boots)
Will    .....        (no amulet)
Stlth   ++           (no ring)
HPRegen 0.22/turn    (no ring)
MPRegen 0.08/turn

%: no passive effects
@: slow
A: amphibious, slowness 1, strong legs 1, +LOS
a: Hop


You were on level 1 of the Dungeon.
You visited 1 branch of the dungeon, and saw 1 of its levels.

You collected 22 gold pieces.

Inventory:

Hand Weapons
 c - a +0 club
 f - a +0 dagger (weapon)
Armour
 a - a +0 robe (worn)
Scrolls
 d - a scroll of magic mapping {unknown}
 g - a scroll of fog {unknown}
Potions
 b - a potion of magic
 e - a potion of flight {unknown}


   Skills:
 - Level 2.1 Dodging
 - Level 1.7 Stealth
 + Level 2.4 Spellcasting
 + Level 5.0 Summonings


You had 3 spell levels left.
You knew the following spells:

 Your Spells              Type           Power      Damage    Failure   Level
a - Summon Small Mammal   Summ           68%        N/A       2%          1

Your spell library contained the following spells:

 Spells                   Type           Power      Damage    Failure   Level
 Call Imp                 Summ           34%        N/A       4%          2
 Call Canine Familiar     Summ           17%        N/A       8%          3
 Summon Guardian Golem    Hex/Summ       9%         N/A       22%         3
 Summon Lightning Spire   Summ/Air       9%         N/A       58%         4


Dungeon Overview and Level Annotations

Branches:
Dungeon (1/15)

Altars:


Innate Abilities, Weirdness & Mutations

You are amphibious.
You cover ground slowly.
You can hop short distances.
You have an extended range of vision and can be seen from far away.


Message History

f - a +0 dagger (weapon)
Your rat disappears in a puff of smoke!
A frilled lizard comes into view.
The helpless frilled lizard fails to defend itself.
You hit the frilled lizard.
You kill the frilled lizard!
You see here a frilled lizard corpse.
Found a scroll labelled VIVYSH VESEACO.
g - a scroll labelled VIVYSH VESEACO
Found a ring mail.
A giant cockroach comes into view.
A giant cockroach is nearby!
Found 5 gold pieces.
Found 6 stones.
The giant cockroach bites your rat. The giant cockroach bites you.
Your quokka barely misses the giant cockroach.
Your rat bites the giant cockroach.
The giant cockroach bites you but does no damage.
You hit the giant cockroach but do no damage.
The giant cockroach is moderately wounded.
Your quokka barely misses the giant cockroach.
The giant cockroach bites you.
Your rat bites the giant cockroach but does no damage.
You hit the giant cockroach.
The giant cockroach is almost dead.
Your quokka bites the giant cockroach.
The giant cockroach dies!
You swap places.
HP restored.
Magic restored.
You now have 22 gold pieces (gained 5).
You swap places.
Your rat disappears in a puff of smoke!
Your quokka disappears in a puff of smoke!
Found 5 stones.
A goblin comes into view. It is wielding a +0 club.
Welcome back, slphil the Barachi Summoner.
Press ? for a list of commands and other information.
Are you sure you want to abandon this character and quit the game? (Confirm with "yes".)

###### ############
#..... ..(........#
#.#### .........#.# #.#
#########.#.#######.####
#.......#.#.##.........#
#.###.#@#.#.##.........#
...........#.##.(...[...#
g#.........#.##.........#
....#####.##............#
### #.#####.........#
..... #.........#
#####..#.#'####### ##
..#.#.# #≈...♣ ..>......#
##


You could see a goblin (asleep).

Vanquished Creatures
  A goblin (D:1)
  A frilled lizard (D:1)
2 creatures vanquished.

Vanquished Creatures (collateral kills)
  An endoplasm (D:1)
  A giant cockroach (D:1)
  A goblin (D:1)
3 creatures vanquished.

Grand Total: 5 creatures vanquished

Notes
Turn   | Place    | Note
-------+----------+-------------------------------------------
     0 | D:1      | slphil the Barachi Summoner began the quest for the Orb.
     0 | D:1      | Reached XP level 1. HP: 13/13 MP: 3/3
    69 | D:1      | Reached skill level 5 in Summonings
   185 | D:1      | Upgraded the game from 0.30-a0-305-g026cb31310 to
                  | 0.30-a0-1160-g6e42c06551
   185 | D:1      | Quit the game

Illustrated notes

Levels and vault maps discovered:
D:1:      tarquinn_simple_flora_water_c, layout_basic

Skill      XL: |  1 |
---------------+----+-----
Summonings     | 5 |  5.0
Dodging        | |  2.1
Stealth        | |  1.7
Spellcasting   | |  2.4

Action                     || total
---------------------------++-------
  Melee: Club              ||     4
         Dagger            ||     3
         Unarmed           ||     3
   Cast: Summon Small Mamm ||     7
   Stab: Sleeping          ||     1
 Armour: Robe              ||     2

Table legend: (Time is in decaauts)
 A = Elapsed time spent in this place.
 B = Non-inter-level travel time spent in this place.
 C = Inter-level travel time spent in this place.
 D = Time resting spent in this place.
 E = Time spent auto-exploring this place.
 F = Levels seen in this place.
 G = Mean time per level.
                   A        B        C        D        E       F      G
               +--------+--------+--------+--------+--------+-----+--------+
         Total |    204 |    204 |      0 |      0 |    117 |   1 |  204.0 |
       Dungeon |    204 |    204 |      0 |      0 |    117 |   1 |  204.0 |
               +--------+--------+--------+--------+--------+-----+--------+

Top non-repeatable levels by time:
     D:1: 204 daAuts
